 Dungeon Crawl Stone Soup version 0.19-a0-867-g949743d (webtiles) character file.

6222 4thArraOfDagon the Nimble (level 11, -2/55 HPs)
             Began as a Halfling Ice Elementalist on July 3, 2016.
             Was a High Priest of Okawaru.
             Slain by a hill giant
             ... wielding a +0 giant club
              (30 damage)
             ... on level 10 of the Dungeon.
             The game lasted 00:27:57 (5171 turns).

4thArraOfDagon the Nimble (HaIE)                    Turns: 5171, Time: 00:27:58

Health: -2/55      AC:  6    Str: 10    XL:     11   Next: 14%
Magic:  14/14      EV: 23    Int: 15    God:    Okawaru [*****.]
Gold:   232        SH:  0    Dex: 16    Spells: 4 memorised, 4 levels left

rFire  . . .     SeeInvis .     T - +3 long sword "Gadiarre" {slice, Str+2}
rCold  + . .     Gourm    .     H - +2 robe of Vines {NoDeviceHeal Regen+7}
rNeg   . . .     Faith    .     (shield restricted)
rPois  .         Spirit   .     y - +0 helmet
rElec  .         Dismiss  .     (no cloak)
rCorr  .         Reflect  .     t - +0 pair of gloves
SustAt .         Harm     .     (no boots)
MR     +....                    x - amulet of regeneration
Stlth  ++........               I - ring of protection from magic
                                e - ring of protection from cold

@: somewhat resistant to hostile enchantments, unstealthy
A: claws 1, fangs 1, clumsy 1, frail 1, low mp 1, mutation resistance 1
a: Heroism, Finesse, Renounce Religion


You were on level 10 of the Dungeon.
You worshipped Okawaru.
Okawaru was extremely pleased with you.
You were not hungry.

You visited 2 branches of the dungeon, and saw 11 of its levels.

You collected 444 gold pieces.
You spent 212 gold pieces at shops.

Inventory:

Hand Weapons
 a - a +0 rapier
 f - a +0 short sword
 N - a +0 long sword
 T - the +3 long sword "Gadiarre" (weapon) {slice, Str+2}
   (You found it on level 9 of the Dungeon)

   It inflicts extra damage upon your enemies.
   It affects your strength (+2).
Missiles
 v - 5 curare-tipped needles
Armour
 q - a +1 fire dragon armour
 t - a +0 pair of gloves (worn)
 y - a +0 helmet (worn)
 H - the +2 robe of Vines (worn) {NoDeviceHeal Regen+7}
   (You bought it in a shop on level 5 of the Dungeon)

   It increases your rate of regeneration.
Jewellery
 e - a ring of protection from cold (left hand)
 i - an uncursed ring of protection from cold
 x - an amulet of regeneration (around neck)
 I - a ring of protection from magic (right hand)
Wands
 h - a wand of slowing (26/48)
 s - a wand of enslavement (0/24)
 A - a wand of flame (15/48)
 E - a wand of random effects (12/48)
 K - a wand of acid (7/15)
 L - a wand of disintegration (6/24)
 Q - a wand of heal wounds (5/9)
 V - a wand of polymorph (9/24)
Scrolls
 d - 2 scrolls of identify
 g - 4 scrolls of remove curse
 l - a scroll of random uselessness {unknown}
 m - a scroll of enchant armour
 n - 4 scrolls of teleportation {unknown}
 o - 2 scrolls of amnesia
 r - a scroll of magic mapping
 u - a scroll of fog
 B - 2 scrolls of blinking
 F - a scroll of vulnerability {unknown}
 M - a scroll of fear
 W - a scroll of recharging {unknown}
 X - a scroll of immolation {unknown}
Potions
 p - a potion of cancellation
 z - a potion of brilliance
 C - 4 potions of heal wounds
 G - a potion of magic
 J - 3 potions of curing
 O - 2 potions of haste
 P - a potion of agility
 R - a potion of lignification {unknown}
 S - a potion of ambrosia {unknown}
 U - a potion of flight {unknown}
Books
 b - a book of Frost

   Spells                             Type                      Level
   a - Freeze                         Ice                          1
   b - Throw Frost                    Conjuration/Ice              2
   c - Ozocubu's Armour               Charms/Ice                   3
   d - Throw Icicle                   Conjuration/Ice              4
   e - Summon Ice Beast               Ice/Summoning                4
Comestibles
 c - 11 bread rations
 j - 3 meat rations
 k - 2 beef jerkies
 w - 3 slices of pizza
 D - 4 fruits


   Skills:
 + Level 0.3 Fighting
 - Level 1.8(5.0) Short Blades
 * Level 5.6(5.7) Long Blades
 - Level 3.0 Armour
 + Level 11.0 Dodging
 - Level 2.1 Stealth
 - Level 2.1 Spellcasting
 - Level 0.7 Conjurations
 - Level 7.0 Ice Magic
 * Level 6.2 Air Magic
 + Level 6.6 Invocations


You had 4 spell levels left.
You knew the following spells:

 Your Spells              Type           Power        Failure   Level  Hunger
a - Freeze                Ice            ###.         1%          1    #......
b - Throw Frost           Conj/Ice       ##....       10%         2    ###....
c - Ozocubu's Armour      Chrm/Ice       ##......     17%         3    ###....
d - Airstrike             Air            ###.......   21%         4    #####..


Dungeon Overview and Level Annotations

Branches:
Dungeon (10/15)            Temple (1/1) D:6            Lair (0/6) D:8
    Orc: D:9-12

Altars:
Ashenzari
Cheibriados
Dithmenos
Elyvilon
Fedhas
Gozag
Hepliaklqana
Kikubaaqudgha
Makhleb
Nemelex Xobeh
Okawaru
Pakellas
Ru
Trog
Uskayaw
Xom
Yredelemnul
Zin
The Shining One

Shops:
D:5 [*   D:9 *

Annotations:
D:5 Menkaure


Innate Abilities, Weirdness & Mutations

You are small and have problems with some larger weapons.
You are somewhat resistant to further mutation.
You have sharp fingernails.
You have very sharp teeth.
You are clumsy. (Dex -2)
You are frail. (-10% HP)
Your magical capacity is low. (-10% MP)


Message History

You kill the worker ant!
Okawaru accepts your kill.
No target in view!
Found a leather armour.
There is an open door here.
A hill giant comes into view. It is wielding a giant club.
The hill giant misses you.
You riposte.
You hit the hill giant.
The hill giant is lightly wounded.
Found a glowing golden altar of the Shining One.
You slash the hill giant! Your bite misses the hill giant.
The hill giant is moderately wounded.
You hit the hill giant.
The hill giant is moderately wounded.
The hill giant hits you with a giant club!!
Ouch! That really hurt!
You slash the hill giant!
The hill giant is heavily wounded.
The hill giant hits you with a giant club!!
Ouch! That really hurt!
You die...

#.# #..#
#.....####.# #
#.#####..#
###.#......#
#.#......#
###..######
#.#.###>.#
.#####.#
#.[..##### _. ###
###.########.##
#.# #....... #.#
#...C# . ### #.#
#.@###. #.. #.#
##..#.. #.# #.#
##.#.# ####.###
.. #.#.# ........
#.#.# ##...##
#.#.# ##.....#
#...# ##.......
##'######.......#
#...............


You could see a hill giant.

Vanquished Creatures
  A hill giant (D:9)
  A deep elf mage (D:9)
  A cyclops (D:9)
  Psyche (D:8)
  Sigmund (D:6)
  A spriggan (D:7)
  A redback (D:9)
  5 yaks (D:9)
  An ice beast (D:9)
  Duvessa (D:5)
  An orc warrior (D:10)
  A black bear (D:7)
  2 sky beasts
  A phantom (D:7)
  6 ogres
  An eye of draining (D:9)
  3 centaurs
  A crocodile (shapeshifter) (D:9)
  4 giant frogs
  Dowan (D:5)
  2 scorpions
  9 killer bees
  5 howler monkeys
  4 wights (D:8)
  2 crimson imps (D:7)
  2 jellies (D:9)
  2 orc priests (D:7)
  3 hounds
  2 orc wizards
  A giant frog skeleton (D:8)
  2 iguanas
  4 worker ants
  A killer bee zombie (D:6)
  2 hound skeletons
  A worker ant zombie (D:9)
  14 adders
  4 gnolls
  2 shadow imps
  An adder zombie (D:6)
  An adder skeleton (D:6)
  4 worms
  A dart slug (D:1)
  2 giant geckos
  19 orcs
  6 bats
  5 giant cockroaches
  9 goblins
  5 hobgoblins
  2 quokkas
  2 ball pythons
  A giant gecko skeleton (D:4)
  3 giant newts
  9 kobolds
  5 rats
172 creatures vanquished.

Vanquished Creatures (others)
  A basilisk (D:9)
1 creature vanquished.

Grand Total: 173 creatures vanquished

Notes
Turn   | Place    | Note
-------+----------+-------------------------------------------
     0 | D:1      | 4thArraOfDagon the Halfling Ice Elementalist began the quest for the Orb.
     0 | D:1      | Reached XP level 1. HP: 11/11 MP: 3/3
   103 | D:1      | Reached XP level 2. HP: 17/17 MP: 2/4
   169 | D:2      | Reached XP level 3. HP: 15/21 MP: 2/5
   258 | D:2      | Learned a level 2 spell: Throw Frost
   267 | D:2      | Reached XP level 4. HP: 19/27 MP: 2/6
   494 | D:4      | Found a shadowy altar of Dithmenos.
   521 | D:4      | Reached skill level 5 in Ice Magic
   568 | D:4      | You fall through a shaft for 3 floors!
   590 | D:6      | Noticed Sigmund
   599 | D:6      | Gained mutation: Your magical capacity is low. (-10% MP) [potion of mutation]
   599 | D:6      | Gained mutation: You are frail. (-10% HP) [potion of mutation]
   607 | D:6      | Killed Sigmund
   607 | D:6      | Reached XP level 5. HP: 15/27 MP: 1/6
   607 | D:6      | Reached XP level 6. HP: 18/32 MP: 1/7
   728 | D:6      | Found a staircase to the Ecumenical Temple.
   733 | Temple   | Entered the Ecumenical Temple
   759 | Temple   | Became a worshipper of Warmaster Okawaru
   789 | D:5      | Entered Level 5 of the Dungeon
   816 | D:5      | Learned a level 3 spell: Ozocubu's Armour
   839 | D:4      | Reached skill level 1 in Short Blades
   895 | D:3      | Found a basalt altar of Yredelemnul.
  1006 | D:3      | Reached XP level 7. HP: 30/36 MP: 2/8
  1117 | D:3      | Gained mutation: You are clumsy. (Dex -2) [potion of mutation]
  1230 | D:3      | Reached skill level 1 in Armour
  1840 | D:5      | Reached skill level 3 in Dodging
  2097 | D:5      | Found Xeucw's General Store.
  2099 | D:5      | Noticed Duvessa
  2099 | D:5      | Noticed Dowan
  2119 | D:5      | Killed Duvessa
  2119 | D:5      | Reached skill level 4 in Dodging
  2158 | D:5      | Found Emmihow's Armour Shop.
  2184 | D:5      | Noticed Menkaure
  2206 | D:6      | Reached XP level 8. HP: 13/41 MP: 8/10
  2295 | D:6      | Reached * piety under Okawaru
  2453 | D:7      | Reached skill level 5 in Dodging
  2698 | D:5      | Killed Dowan
  2728 | D:5      | Bought the +2 robe of Vines {NoDeviceHeal Regen+7} for 212 gold pieces
  2765 | D:6      | Reached skill level 6 in Dodging
  2818 | D:7      | Noticed a spriggan baker
  2829 | D:7      | Killed a spriggan baker
  2905 | D:7      | Reached skill level 7 in Dodging
  2947 | D:7      | You fall through a shaft for 3 floors!
  2947 | D:10     | Entered Level 10 of the Dungeon
  2968 | D:10     | Gained mutation: You have very sharp teeth. [mutagenic meat]
  2995 | D:10     | frodo hold on
  3030 | D:9      | Noticed a yak
  3065 | D:9      | Reached skill level 8 in Dodging
  3099 | D:9      | Reached XP level 9. HP: 45/45 MP: 9/10
  3153 | D:9      | Gained mutation: You have sharp fingernails. [mutagenic meat]
  3182 | D:9      | Reached ** piety under Okawaru
  3210 | D:9      | Reached skill level 9 in Dodging
  3210 | D:9      | Reached skill level 1 in Invocations
  3267 | D:9      | Found Zin's Purification Station.
  3270 | D:9      | Found a glowing silver altar of Zin.
  3454 | D:8      | Noticed Psyche
  3492 | D:8      | Killed Psyche
  3542 | D:8      | Found a staircase to the Lair.
  3690 | D:8      | Reached skill level 1 in Long Blades
  3699 | D:8      | Identified the Collected Works on Displacement and Weightlessness (You found it on level 8 of the Dungeon)
  3714 | D:8      | Learned a level 4 spell: Airstrike
  3829 | D:7      | Reached skill level 10 in Dodging
  4056 | D:7      | Reached *** piety under Okawaru
  4092 | D:7      | Reached skill level 1 in Air Magic
  4152 | D:7      | Reached skill level 5 in Invocations
  4152 | D:7      | Reached XP level 10. HP: 46/50 MP: 8/12
  4543 | D:9      | Reached **** piety under Okawaru
  4705 | D:9      | Noticed a hill giant
  4716 | D:9      | Killed a hill giant
  4716 | D:9      | Reached skill level 5 in Air Magic
  4727 | D:9      | Noticed a cyclops
  4755 | D:9      | Killed a cyclops
  4763 | D:9      | Noticed a deep elf mage
  4778 | D:9      | Killed a deep elf mage
  4778 | D:9      | Reached ***** piety under Okawaru
  4778 | D:9      | Reached skill level 5 in Long Blades
  4778 | D:9      | Reached XP level 11. HP: 54/54 MP: 12/14
  4815 | D:9      | Noticed a seven-headed hydra
  4925 | D:9      | Got a polished long sword
  4926 | D:9      | Identified the cursed +3 long sword "Gadiarre" {slice, Str+2} (You found it on level 9 of the Dungeon)
  4930 | D:9      | Identified the Handbook of Enhancements and Intoxication (You found it on level 9 of the Dungeon)
  5069 | D:10     | Reached skill level 11 in Dodging
  5168 | D:10     | Found a glowing golden altar of the Shining One.
  5168 | D:10     | Noticed a hill giant
  5171 | D:10     | Slain by a hill giant

Vault maps used:
D:1:      ncdulo_halloftheorcs
D:3:      kennysheep_six_static_rooms, led_sif_pool,
          nicolae_overflow_hidden_temple
D:4:      nicolae_dithmenos_shadow_blocks, minitemple, first_bread,
          minmay_lizard_king
D:5:      minmay_shoptagon, uniq_menkaure, uniq_duvessa
D:6:      grunt_decor_one_mirror, minmay_misc_feat_nine_boxes, uniq_sigmund
D:7:      hangedman_cross_stitches, the_bakery, mrwooster_statue_mirror
D:8:      lair_0_dummy, uniq_psyche
D:9:      minmay_sliced_demisemicircle, zin_purify
D:10:     serial_shops, nicolae_shop_statue_plus, grunt_ministairs_15,
          minmay_item_behind_shaft, nicolae_tso_swordbearing_angel
Temple:   nicolae_temple_x_marks_the_god

Skill      XL: |  1  2  3  4  5  6  7  8  9 10 11 |
---------------+----------------------------------+-----
Ice Magic      | 4 6 7 |  7.0
Short Blades   | 1 |  1.8
Armour         | 3 |  3.0
Dodging        | 4 8 10 11 | 11.0
Spellcasting   | 2 |  2.1
Invocations    | 5 6 |  6.6
Long Blades    | 2 5 |  5.6
Air Magic      | 1 5 6 |  6.2
Fighting       | |  0.3
Stealth        | |  2.1
Conjurations   | |  0.7

Action                   |  1- 3 |  4- 6 |  7- 9 | 10-12 || total
-------------------------+-------+-------+-------+-------++-------
Melee: Short sword       |    14 |    26 |   142 |       ||   182
       Rapier            |       |       |   285 |       ||   285
       Bite              |       |       |    31 |    39 ||    70
       Long sword        |       |       |   135 |   391 ||   526
       Punch             |       |       |     1 |     3 ||     4
 Cast: Freeze            |    16 |    27 |   112 |    19 ||   174
       Throw Frost       |       |     1 |       |       ||     1
       Ozocubu's Armour  |       |       |     1 |     2 ||     3
Invok: Heroism           |       |       |     3 |     4 ||     7
Evoke: Wand              |       |       |     2 |     5 ||     7
  Use: Scroll            |       |     7 |    13 |     2 ||    22
       Potion            |       |     2 |     4 |       ||     6
 Stab: Sleeping          |     3 |     1 |     2 |     2 ||     8
       Invisible         |       |       |     3 |       ||     3
  Eat: Chunk             |       |     1 |    20 |     8 ||    29
       Royal jelly       |       |       |     1 |       ||     1
       Pizza             |       |       |       |     1 ||     1
Armor: Robe              |     4 |     3 |    47 |    26 ||    80
       Fire dragon armou |       |     3 |   119 |       ||   122
Dodge: Dodged            |    23 |    48 |   476 |   273 ||   820
